 Dungeon Crawl Stone Soup version 0.30.1-11-g7821555f0a (webtiles) character file.

Game seed: 4409179945366484587

114 fireball365 the Chopper (level 4, -3/40 HPs)
             Began as a Hill Orc Fighter on Nov 25, 2023.
             Succumbed to an orc wizard's poison
             ... on level 3 of the Dungeon.
             The game lasted 00:03:33 (1766 turns).

fireball365 the Chopper (Hill Orc Fighter)          Turns: 1766, Time: 00:03:33

Health: -3/40      AC:  9    Str: 24    XL:     4   Next: 97%
Magic:  4/4        EV:  8    Int:  7    God:
Gold:   121        SH:  0    Dex:  9    Spells: 3/3 levels left

rFire   . . .        i - +0 battleaxe
rCold   . . .        (shield currently unavailable)
rNeg    . . .        g - +0 chain mail
rPois   .            (no helmet)
rElec   +            e - scarf {repulsion}
rCorr   .            (no gloves)
SInv    .            (no boots)
Will    .....        (no amulet) Stlth
                     (no ring)
HPRegen 0.00/turn    (no ring)
MPRegen 0.09/turn

%: repel missiles
@: lethally poisoned (-3 -> -26), inhibited regen
A: electricity resistance, inhibited regeneration, strong 1
a: no special abilities


You were on level 3 of the Dungeon.
You visited 1 branch of the dungeon, and saw 3 of its levels.

You collected 121 gold pieces.

Inventory:

Hand Weapons
 a - a +0 war axe
 i - a +0 battleaxe (weapon)
Armour
 b - a +0 scale mail
 c - a +0 buckler
 e - a scarf of repulsion (worn)
 g - a +0 chain mail (worn)
Wands
 l - a wand of polymorph (12)
Scrolls
 h - 4 scrolls of teleportation
 j - 2 scrolls of vulnerability
 k - a scroll of blinking
 m - a scroll of noise
 o - a scroll of immolation {unknown}
 r - a scroll of fog {unknown}
 s - a scroll of magic mapping {unknown}
Potions
 d - a potion of might
 f - a potion of flight {unknown}
 n - a potion of degeneration {unknown}
 q - a potion of haste {unknown}


   Skills:
 + Level 4.0 Fighting
 + Level 4.8 Axes
 + Level 4.1 Armour
 + Level 0.3 Dodging
 + Level 3.7 Shields


You had 3 spell levels left.
You didn't know any spells.
Your spell library was empty.

Dungeon Overview and Level Annotations

Branches:
Dungeon (3/15)

Altars:


Innate Abilities, Weirdness & Mutations

You are resistant to electric shocks. (rElec)
You do not regenerate when monsters are visible.
Your muscles are strong. (Str +4, Int/Dex -1)


Message History

You hit the orc.
You kill the orc!
You miss something. You miss the frilled lizard.
You feel very sick.
The frilled lizard bites you but does no damage.
Something hits you.
You are more poisoned.
The orc wizard hits you with a +0 dagger.
You slash the orc wizard!
The orc wizard is severely wounded.
You slash the frilled lizard!
You kill the frilled lizard!
You hit something but do no damage.
You feel very sick.
The orc wizard hits you but does no damage.
Something hits you.
You are more poisoned.
Something hits you.
* * * LOW HITPOINT WARNING * * *
You are more poisoned.
The orc wizard gestures at you while chanting.
You are confused.
The orc hits you with a +0 flail.
* * * LOW HITPOINT WARNING * * *
It was a potion of curing.
You feel better. The orc wizard barely misses you.
The orc hits you but does no damage. Something hits you.
* * * LOW HITPOINT WARNING * * *
You are poisoned.
You slice the orc wizard!!
You kill the orc wizard!
You miss something. You barely miss the orc.
* * * LOW HITPOINT WARNING * * *
You feel very sick. The orc barely misses you. Something hits you.
* * * LOW HITPOINT WARNING * * *
You are more poisoned.
You slash the orc!
You kill the orc!
You closely miss something.
You die...

...#
#....###............##
# #.#..#
#............# #.##.#
#..........#.#
#.##.###..........#.#
#.##..##..........#.#
#.##..##..........#.#
#.##..##........#.#..
#.##..##........#.###
#.#...)@........#.#
#.....#)).......#.#
#......>........#.#
#.###.#......... .# #.
........#.# #
.#.#.##....# #.#.#.#
..... # #.#.. .....


There were no monsters in sight!

Vanquished Creatures
  An iguana (D:3)
  An orc wizard (D:3)
  2 adders (D:3)
  2 orcs (D:3)
  4 ball pythons
  5 bats
  6 endoplasms
  2 giant cockroaches
  4 hobgoblins
  2 quokkas
  2 frilled lizards
  3 goblins (D:1)
  6 kobolds
  3 rats
43 creatures vanquished.

Notes
Turn   | Place    | Note
-------+----------+-------------------------------------------
     0 | D:1      | fireball365 the Hill Orc Fighter began the quest for the
                  | Orb.
     0 | D:1      | Reached XP level 1. HP: 19/19 MP: 1/1
   147 | D:1      | Reached XP level 2. HP: 26/27 MP: 2/2
   409 | D:1      | Reached XP level 3. HP: 33/33 MP: 3/3
   779 | D:2      | Found a faded altar of an unknown god.
  1015 | D:2      | Gained mutation: You are resistant to electric shocks.
                  | (rElec) [potion of mutation]
  1015 | D:2      | Gained mutation: You do not regenerate when monsters are
                  | visible. [potion of mutation]
  1015 | D:2      | Gained mutation: Your muscles are strong. (Str +4, Int/Dex
                  | -1) [potion of mutation]
  1557 | D:3      | Reached XP level 4. HP: 14/40 MP: 4/4
  1766 | D:3      | Succumbed to an orc wizard's poison

Illustrated notes

Levels and vault maps discovered:
D:1:      matt_arrival_refuge, layout_rooms
D:2:      layout_rooms, chequers_ecumenical_altar_simple_redux
D:3:      layout_basic, dreamdust_mushroom_princess

Skill      XL: |  1  2  3 |
---------------+----------+-----
Axes           | 3 4 |  4.8
Fighting       | 4 |  4.0
Armour         | 4 |  4.1
Dodging        | |  0.3
Shields        | |  3.7

Action                     |  1- 3 |  4- 6 || total
---------------------------+-------+-------++-------
  Melee: War axe           |    56 |       ||    56
         Battleaxe         |    57 |     8 ||    65
    Use: Scroll            |     5 |       ||     5
         Potion            |     1 |     1 ||     2
 Armour: Scale mail        |    38 |       ||    38
         Chain mail        |    55 |    10 ||    65
  Dodge: Dodged            |    59 |     2 ||    61
  Block: Buckler           |    16 |       ||    16
